 Dungeon Crawl Stone Soup version 0.32-a0-995-gb4a59205af (webtiles) character file.

Game seed: 8223339216733424874

48951 hattop the Slicer (level 14, -1/88 HPs)
             Began as a Vampire Enchanter on Apr 23, 2024.
             Was the Champion of Kikubaaqudgha.
             Slain by a tyrant leech (25 damage)
             ... on level 5 of the Lair of Beasts.
             The game lasted 00:58:18 (17456 turns).

hattop the Slicer (Vampire Enchanter)              Turns: 17456, Time: 00:58:19

Health: -1/88      AC:  8    Str: 10    XL:     14   Next: 14%
Magic:  23/28      EV: 19    Int: 23    God:    Kikubaaqudgha [******]
Gold:   1042       SH:  0    Dex: 25    Spells: 16/33 levels left

rFire   . . .        u - +8 dagger (pain)
rCold   + . .        (no shield)
rNeg    + + +        O - +0 acid dragon scales
rPois   ∞            M - +0 helmet
rElec   .            f - scarf {shadows}
rCorr   +            (no gloves)
SInv    +            B - +0 pair of boots
Will    +....        q - amulet "Rulyatro" {rC- RegenMP+ Str+3 Int+5}
Stlth   ++++++       x - ring of resist corrosion
HPRegen 0.00/turn    V - +6 ring of dexterity
MPRegen 0.61/turn

%: no passive effects
@: bloodless, inhibited regen, slowed, very slow
A: bloodless, fangs 3, see invisible, vampiric 2
a: Bat Form, Revivify, Renounce Religion, Unearth Wretches, Torment


You were on level 5 of the Lair of Beasts.
You worshipped Kikubaaqudgha.
Kikubaaqudgha was exalted by your worship.
You visited 3 branches of the dungeon, and saw 17 of its levels.

You collected 1042 gold pieces.

Inventory:

Hand Weapons
 u - a +8 dagger of pain (weapon)
Missiles
 I - a throwing net (quivered)
Armour
 f - a scarf of shadows (worn)
 B - a +0 pair of boots (worn)
 M - a +0 helmet (worn)
 O - +0 acid dragon scales (worn)
 Q - a +0 ring mail
Jewellery
 a - a ring of flight
 q - the amulet "Rulyatro" (around neck) {rC- RegenMP+ Str+3 Int+5}
   (You found it on level 2 of the Dungeon)

   [amulet of magic regeneration]

   It increases your rate of magic regeneration.
   Str+3:     It affects your strength (+3).
   Int+5:     It affects your intelligence (+5).
   rC-:       It makes you vulnerable to cold.
   RegenMP+:  It increases your rate of magic regeneration.
 x - a ring of resist corrosion (left hand)
 D - a ring of protection from fire
 P - a ring of wizardry
 V - a +6 ring of dexterity (right hand)
Wands
 t - a wand of polymorph (5)
 w - a wand of roots (22)
 y - a wand of digging (23)
 F - a wand of mindburst (14)
 T - a wand of quicksilver (13)
Scrolls
 b - a scroll of immolation
 d - 4 scrolls of revelation
 g - 4 scrolls of enchant armour
 h - 4 scrolls of amnesia
 k - a scroll of fear {unknown}
 l - 2 scrolls of teleportation
 o - a scroll of fog
 p - 2 scrolls of torment {unknown}
 E - 3 scrolls of blinking
 K - a scroll of poison {unknown}
 L - a scroll of acquirement {unknown}
 Y - a scroll of enchant weapon
Potions
 c - a potion of invisibility
 i - 3 potions of magic
 r - 3 potions of ambrosia
 s - a potion of resistance {unknown}
 z - 3 potions of might
 C - 8 potions of curing
 J - 2 potions of heal wounds {unknown}
 N - 3 potions of mutation
 S - 3 potions of enlightenment
 U - a potion of haste {unknown}
 W - a potion of brilliance {unknown}
 X - 2 potions of degeneration {unknown}
 Z - 3 potions of cancellation


   Skills:
 - Level 10.0 Fighting
 + Level 11.2 Short Blades
 - Level 10.7 Dodging
 - Level 7.0 Stealth
 - Level 10.3 Spellcasting
 - Level 4.0 Conjurations
 - Level 6.3 Hexes
 - Level 7.0 Necromancy
 - Level 9.0 Translocations
 - Level 1.0 Evocations


You had 16 spell levels left.
You knew the following spells:

 Your Spells              Type           Power      Damage    Failure   Level
a - Confusing Touch       Hex            41%        N/A       1%          3
b - Tukima's Dance        Hex            41%        N/A       1%          3
c - Dazzling Flash        Conj/Hex       70%        N/A       3%          3
d - Dispel Undead         Necr           44%        3d17      4%          4
e - Sublimation of Blood  Necr           44%        N/A       1%          2
f - Blink                 Tloc           100%       N/A       1%          2

Your spell library contained the following spells:

 Spells                   Type           Power      Damage    Failure   Level
 Magic Dart               Conj           100%       1d8       1%          1
 Fugue of the Fallen      Necr           44%        N/A       1%          3
 Vampiric Draining        Necr           44%        2d9       1%          3
 Ensorcelled Hibernation  Hex/Ice        52%        N/A       3%          2
 Cigotuvi's Dreadful Rot  Necr/Alch/Air  44%        N/A       5%          2
 Summon Small Mammal      Summ           44%        N/A       9%          1
 Call Imp                 Summ           22%        N/A       13%         2
 Curse of Agony           Necr           44%        N/A       14%         5
 Call Canine Familiar     Summ           11%        N/A       26%         3
 Death Channel            Necr           22%        N/A       58%         6
 Summon Blazeheart Golem  Fire/Summ      11%        N/A       65%         4
 Rimeblight               Ice/Necr       13%        2d4       (prima100%   7


Dungeon Overview and Level Annotations

Branches:
Dungeon (11/15) Zot: 25871  Temple (1/1) D:5 Zot: 5989    Lair (5/5) D:10 Zot: 23611
 Shoals (0/4) Lair:2       Spider (0/4) Lair:3        Slime (0/5) Lair:5
    Orc (0/2) D:11

Altars:
Ashenzari
Cheibriados
Dithmenos
Fedhas
Gozag
Hepliaklqana
Kikubaaqudgha
Makhleb
Nemelex Xobeh
Okawaru
Qazlal
Ru
Sif Muna
Trog
Uskayaw
Vehumet
Wu Jian
Xom
Yredelemnul
Jiyva

Shops:
D:10 (

Annotations:
D:11 1 runed translucent door


Innate Abilities, Weirdness & Mutations

You do not regenerate when monsters are visible.
You are frail without blood (-20% HP).
You can heal yourself when you bite living creatures.
You are immune to poison.
You have razor-sharp teeth.
You have supernaturally acute eyesight. (SInv)
You are afflicted with vampirism and can become a bat while bloodless.


Message History

The hornet buzzes angrily.
The tyrant leech bites you but does no damage.
The hornet misses you. The tyrant leech misses you. The tyrant leech bites you!
You take 14 damage, and have 74/88 hp.
You now have 26/28 mp.
You strike the helpless tyrant leech from behind!
You perforate the tyrant leech like a sieve!!!
The tyrant leech writhes in agony.
The tyrant leech is almost dead.
The hornet barely misses you. The tyrant leech barely misses you.
The torpor snail bites you!
You take 10 damage, and have 64/88 hp.
You catch the helpless tyrant leech completely off-guard!
You skewer the tyrant leech like a kebab!!!
You kill the tyrant leech!
Kikubaaqudgha accepts your kill. The hornet closely misses you.
The tyrant leech bites you!!
You take 22 damage, and have 42/88 hp.
Youch!!
The hornet stings you!
The hornet stings you but does no damage.
You see here a tyrant leech corpse.
You take 11 damage, and have 31/88 hp.
MP restored: 28
Casting: Dazzling Flash (mildly dangerous; 3% risk of failure)
Confirm with . or Enter, or press ? or * to list all spells.
Casting: Dazzling Flash (mildly dangerous; 3% risk of failure)
Press: ? - help, Dir - look around, f - activate The hornet is dazzled.
The torpor snail barely misses you. The hornet completely misses you.
The tyrant leech bites you but does no damage.
You now have 25/28 mp.
Casting: Dazzling Flash (mildly dangerous; 3% risk of failure)
Confirm with . or Enter, or press ? or * to list all spells.
Casting: Dazzling Flash (mildly dangerous; 3% risk of failure)
Press: ? - help, Dir - look around, f - activate The hornet is dazzled.
The hornet stings you!
* * * LOW HITPOINT WARNING * * *
The torpor snail closely misses you. The hornet closely misses you.
The tyrant leech bites you!!
You die...
Kikubaaqudgha rasps: You have failed me!
Welcome... oblivion!

.............#.......
............#........
#...........##.......
#####..###.###.......
########## ###
####.... #..#.###
########.#.P #..$.##
##.....####.. #).wwy#
#.......# ###
##..†@.# #......##
..# #..P.###
#......#####P #.P####
##.#...P##.PP #...#.#
##.#†..###....
#⌠...####.#.†.##
#..#.
###...##.#...#.#
###.. #.#......P.####
##. #####.......####
#.. #.#.P....#.## ###


You could see a tyrant leech, a torpor snail and a hornet (blind, unable to see
you).

Vanquished Creatures
  4 hydras
  The ghost of D0namaru the Thaumaturge, a journeyman DsNe of Kikubaaqudgha (Lair:2)
  Fannar (D:11)
  A catoblepas (Lair:3)
  A two-headed ogre (D:9)
  4 death yaks (Lair:3)
  Pikel (D:7)
  2 harpies (Lair:2)
  An oklob plant (Lair:4)
  20 elephants
  9 black mambas
  2 torpor snails (Lair:5)
  8 cane toads
  2 rime drakes
  11 komodo dragons
  A jumping spider (Lair:3)
  2 polar bears (Lair:4)
  2 trolls (D:11)
  Prince Ribbit (D:7)
  2 tyrant leeches (Lair:5)
  9 hornets
  8 blink frogs (Lair:4)
  4 dream sheep (Lair:4)
  4 slime creatures (D:7)
  47 yaks
  Sigmund (D:2)
  A wraith (D:11)
  13 wyverns
  A human (D:3)
  2 vampire mosquitoes (D:9)
  2 basilisks
  2 redbacks
  A steam dragon (D:8)
  Menkaure (D:7)
  Edmund (D:5)
  3 acid dragons
  22 water moccasins
  4 orc warriors
  2 sky beasts
  2 black bears
  An ice beast (D:7)
  8 wolves
  8 centaurs
  5 kobold brigands
  13 bullfrogs
  2 gnoll sergeants (D:9)
  A scorpion (D:6)
  2 wights (D:9)
  5 killer bees (D:11)
  2 electric eels
  3 howler monkeys
  3 hounds
  A human zombie (D:3)
  3 jellies
  4 orc priests
  A sleepcap (D:6)
  2 gnoll boudas
  Ijyb (D:3)
  3 iguanas
  9 orc wizards
  12 gnolls
  10 adders
  2 shadow imps
  A white imp (D:8)
  2 dart slugs
  A ribbon worm (D:2)
  27 orcs
  10 endoplasms
  5 giant cockroaches
  5 goblins
  10 hobgoblins
  17 jackals
  27 kobolds
  4 quokkas
  14 ball pythons
  6 bats
  8 frilled lizards
  A jackal skeleton (D:3)
  6 rats
  A butterfly (D:5)
452 creatures vanquished.

Vanquished Creatures (collateral kills)
  An ogre (D:5)
  A centaur (D:9)
  A wight (D:9)
  An orc wizard (D:10)
  5 gnolls
  2 orcs
  An endoplasm (D:2)
  A ball python (D:2)
  2 kobolds
15 creatures vanquished.

Vanquished Creatures (others)
  4 dancing weapons
4 creatures vanquished.

Grand Total: 471 creatures vanquished

Notes
Turn   | Place    | Note
-------+----------+-------------------------------------------
     0 | D:1      | hattop the Vampire Enchanter began the quest for the Orb.
     0 | D:1      | Reached XP level 1. HP: 13/13 MP: 3/3
    48 | D:1      | Reached XP level 2. HP: 15/15 MP: 5/5
   420 | D:1      | Gained mutation: You are afflicted with vampirism and can
                  | become a bat while bloodless. [Vampire growth]
   420 | D:1      | Reached XP level 3. HP: 4/19 MP: 6/6
   427 | D:1      | Reached skill level 2 in Short Blades
   551 | D:1      | Learned a level 3 spell: Confusing Touch
   555 | D:1      | Learned a level 3 spell: Tukima's Dance
   945 | D:2      | Noticed Sigmund
   959 | D:2      | Killed Sigmund
   960 | D:2      | Reached skill level 3 in Short Blades
   960 | D:2      | Reached skill level 5 in Stealth
   960 | D:2      | Reached XP level 4. HP: 24/24 MP: 6/8
   960 | D:2      | Reached XP level 5. HP: 28/28 MP: 6/9
  1268 | D:2      | Identified the amulet "Rulyatro" {rC- RegenMP+ Str+3 Int+5}
  1674 | D:2      | Learned a level 3 spell: Dazzling Flash
  1760 | D:3      | Found a faded altar of an unknown god.
  2023 | D:3      | Found a runed translucent door.
  2023 | D:3      | Noticed a human
  2034 | D:3      | Reached XP level 6. HP: 31/32 MP: 5/10
  2045 | D:3      | Found a basalt altar of Yredelemnul.
  2072 | D:3      | Killed a human
  2477 | D:3      | Noticed Ijyb
  2485 | D:3      | Killed Ijyb
  2818 | D:4      | Reached skill level 1 in Conjurations
  3064 | D:4      | Reached skill level 4 in Short Blades
  3541 | D:5      | Entered Level 5 of the Dungeon
  3614 | D:5      | Reached XP level 7. HP: 19/36 MP: 6/11
  3890 | D:5      | Noticed Edmund
  3914 | D:5      | Killed Edmund
  3915 | D:5      | Reached skill level 5 in Short Blades
  3915 | D:5      | Reached skill level 5 in Dodging
  4169 | D:5      | Found a staircase to the Ecumenical Temple.
  4218 | Temple   | Entered the Ecumenical Temple
  4223 | Temple   | Became a worshipper of Kikubaaqudgha
  4446 | D:6      | Reached skill level 6 in Short Blades
  4463 | D:6      | Reached XP level 8. HP: 41/41 MP: 12/12
  4501 | D:6      | Reached skill level 7 in Short Blades
  5048 | D:6      | Reached skill level 8 in Short Blades
  5054 | D:6      | Reached XP level 9. HP: 28/45 MP: 9/13
  5210 | D:7      | Reached skill level 9 in Short Blades
  5219 | D:7      | Noticed Pikel
  5226 | D:7      | Killed Pikel
  5286 | D:7      | Noticed Menkaure
  5290 | D:7      | Killed Menkaure
  5290 | D:7      | Reached * piety under Kikubaaqudgha
  5290 | D:7      | Received a gift from Kikubaaqudgha
  5345 | D:7      | Reached skill level 10 in Dodging
  5423 | D:7      | Noticed Prince Ribbit
  5429 | D:7      | Killed Prince Ribbit
  5430 | D:7      | Reached skill level 10 in Short Blades
  5712 | D:7      | Reached XP level 10. HP: 40/50 MP: 11/14
  5859 | D:7      | Reached skill level 1 in Evocations
  6144 | D:7      | Reached skill level 1 in Necromancy
  6545 | D:8      | Reached ** piety under Kikubaaqudgha
  7223 | D:9      | Reached skill level 5 in Necromancy
  7250 | D:9      | Reached skill level 1 in Fighting
  7769 | D:9      | Reached *** piety under Kikubaaqudgha
  7769 | D:9      | Received a gift from Kikubaaqudgha
  7790 | D:9      | Reached skill level 5 in Fighting
  7952 | D:9      | Reached XP level 11. HP: 66/66 MP: 4/15
  7982 | D:9      | Learned a level 4 spell: Dispel Undead
  8037 | D:9      | Found a hazy altar of Hepliaklqana.
  8037 | D:9      | Found a burning altar of Makhleb.
  8315 | D:10     | Entered Level 10 of the Dungeon
  8315 | D:10     | Noticed a two-headed ogre
  8333 | D:9      | Killed a two-headed ogre
  8517 | D:10     | Found a staircase to the Lair.
  9141 | D:10     | Found Duasuib's Weapon Shoppe.
  9395 | D:11     | Noticed Fannar
  9431 | D:11     | Killed Fannar
  9861 | D:11     | Reached **** piety under Kikubaaqudgha
  9953 | D:11     | Found a staircase to the Orcish Mines.
 10421 | D:11     | Found a runed translucent door.
 10427 | D:11     | Noticed a skeletal warrior
 10516 | D:11     | Identified the +6 triple crossbow of the Furious {flame,
                  | Will+ Int-2 Dex+5}
 10556 | Lair:1   | Entered Level 1 of the Lair of Beasts
 10832 | Lair:1   | Reached skill level 10 in Fighting
 10994 | Lair:1   | Learned a level 2 spell: Sublimation of Blood
 11160 | Lair:1   | Reached skill level 1 in Translocations
 11488 | Lair:2   | Reached XP level 12. HP: 77/77 MP: 16/16
 11535 | Lair:2   | Learned a level 2 spell: Blink
 11591 | Lair:2   | Noticed D0namaru's ghost (journeyman DsNe)
 11678 | Lair:2   | Found a runed translucent door.
 11885 | Lair:2   | Found a staircase to the Shoals.
 12279 | Lair:2   | Reached ***** piety under Kikubaaqudgha
 12751 | Lair:2   | Killed D0namaru's ghost
 12834 | Lair:3   | Noticed an eight-headed hydra
 13009 | Lair:3   | Killed an eight-headed hydra
 13010 | Lair:3   | Reached skill level 5 in Spellcasting
 13196 | Lair:3   | Reached skill level 5 in Translocations
 13247 | Lair:3   | Noticed a four-headed hydra
 13273 | Lair:3   | Killed a four-headed hydra
 13293 | Lair:3   | Found a hole to the Spider Nest.
 13387 | Lair:3   | Noticed a death yak
 13388 | Lair:3   | Noticed a death yak
 13389 | Lair:3   | Noticed a death yak
 13400 | Lair:3   | Noticed a death yak
 13419 | Lair:3   | Killed a death yak
 13420 | Lair:3   | Reached XP level 13. HP: 69/82 MP: 23/23
 14066 | Lair:3   | HP: 2/82 [something/blast of calcifying dust (4)]
 15184 | Lair:3   | Found a hole to the Spider Nest.
 16556 | Lair:5   | Entered Level 5 of the Lair of Beasts
 16556 | Lair:5   | Found a viscous altar of Jiyva.
 16556 | Lair:5   | Found a staircase to the Slime Pits.
 16845 | Lair:5   | Reached skill level 10 in Spellcasting
 17043 | Lair:5   | Reached XP level 14. HP: 88/88 MP: 26/28
 17055 | Lair:5   | Reached ****** piety under Kikubaaqudgha
 17078 | Lair:5   | Identified a +8 dagger of pain (a +6 dagger of speed
                  | bloodied by Kikubaaqudgha)
 17078 | Lair:5   | Received a gift from Kikubaaqudgha
 17255 | Lair:5   | Reached skill level 11 in Short Blades
 17456 | Lair:5   | Slain by a tyrant leech

Illustrated notes

Levels and vault maps discovered:
D:1:      scummos_arrival_hexagon, layout_basic, chequers_serial_rivers_micro_b
D:2:      minmay_thinvault, layout_rooms, uniq_sigmund
D:3:      layout_loops_corners, dk_yredelemnul_ordeal,
          hellmonk_ecumenical_altar_blasted, uniq_ijyb
D:4:      layout_gridville
D:5:      layout_loops_cross, minmay_temple_entry_butterflies, uniq_edmund
D:6:      layout_basic, dk_noncrumbling_3, supply_closet_lemuel,
          kennysheep_cluttered_room, minmay_fractal_squares_5
D:7:      layout_cave_pods, uniq_pikel, uniq_prince_ribbit1, uniq_menkaure
D:8:      nicolae_cairo_tiling_large_dashed, layout_basic, st_stairs_8,
          kennysheep_generic_room_14
D:9:      layout_loops_ring, nicolae_overflow_two_pavilions, serial_aquarium,
          aquarium_bridge_square [aquarium_subvault_wall,
          aquarium_subvault_wall, aquarium_subvault_bridge,
          aquarium_subvault_balcony], aquarium_window_2, aquarium_window_1,
          aquarium_view_2b
D:10:     layout_irregular_city, lair_entry_dummy, serial_shops, shop,
          grunt_ministairs_13
D:11:     layout_loops_ring, david_orc_2, lightli_airlock, uniq_fannar
Temple:   hellmonk_temple_of_storms
Lair:1:   layout_chaotic_city
Lair:2:   layout_gridlike, nicolae_shoals_entry_roost,
          hellmonk_ghost_happy_afterlife, lemuel_fruit_fields,
          serial_bayou_shore_b
Lair:3:   layout_chaotic_city, spider_nest_entry_funnel_web, grunt_megastairs_2,
          serial_bayou_shore_b, lemuel_fruit_tree, serial_bayou_shore_a
Lair:4:   layout_concentric_octagons, st_stairs_7, grunt_megastairs_4,
          infiniplex_staircase_pool_2, lemuel_fruit_fields
Lair:5:   hangedman_lair_tendril_chambers, layout_long_grid, wormcave,
          slime_entry_1

Skill      XL: |  1  2  3  4  5  6  7  8  9 10 11 12 13 14 |
---------------+-------------------------------------------+-----
Short Blades   | 3 4 6 8 10 11 | 11.2
Dodging        | 3 4 6 8 10 | 10.7
Stealth        | 5 7 |  7.0
Hexes          | 6 |  6.3
Spellcasting   | 3 7 10 | 10.3
Conjurations   | 1 2 4 |  4.0
Evocations     | 1 |  1.0
Necromancy     | 5 7 |  7.0
Fighting       | 6 10 | 10.0
Translocations | 1 5 8 9 |  9.0

Action                     |  1- 3 |  4- 6 |  7- 9 | 10-12 | 13-15 || total
---------------------------+-------+-------+-------+-------+-------++-------
  Melee: Dagger            |    81 |   226 |   148 |   849 |   488 ||  1792
         Bite              |    11 |    24 |    24 |   141 |   101 ||   301
   Cast: Confusing Touch   |     1 |    26 |    23 |    78 |    39 ||   167
         Tukima's Dance    |       |     6 |     8 |    27 |       ||    41
         Dazzling Flash    |       |     3 |     5 |    31 |    36 ||    75
         Dispel Undead     |       |       |       |     6 |       ||     6
         Blink             |       |       |       |     2 |     5 ||     7
 Invoke: Torment           |       |       |       |       |     1 ||     1
         Brand Weapon With |       |       |       |       |     1 ||     1
Ability: Exsanguinate      |     1 |       |       |       |       ||     1
  Evoke: Wand              |       |       |     1 |       |     1 ||     2
    Use: Potion            |     1 |       |       |       |       ||     1
         Scroll            |     1 |     7 |     3 |    10 |     3 ||    24
   Stab: Sleeping          |    16 |    33 |    15 |    40 |    22 ||   126
         Invisible         |     2 |     4 |     3 |    39 |    41 ||    89
         Confused          |       |    16 |    25 |    64 |    39 ||   144
         Distracted        |       |     1 |       |       |       ||     1
 Armour: Robe              |    38 |    76 |    41 |    15 |       ||   170
         Steam dragon scal |       |       |       |    47 |       ||    47
         Acid dragon scale |       |       |       |   210 |   160 ||   370
  Dodge: Dodged            |    56 |   107 |    71 |   444 |   287 ||   965

Table legend: (Time is in decaauts)
 A = Elapsed time spent in this place.
 B = Non-inter-level travel time spent in this place.
 C = Inter-level travel time spent in this place.
 D = Time resting spent in this place.
 E = Time spent auto-exploring this place.
 F = Levels seen in this place.
 G = Mean time per level.
                   A        B        C        D        E       F      G
               +--------+--------+--------+--------+--------+-----+--------+
         Total |  16443 |  15959 |    484 |    722 |  12155 |  17 |  967.2 |
       Dungeon |  10045 |   9683 |    362 |    157 |   7575 |  11 |  913.2 |
        Temple |     10 |     10 |      0 |      0 |      0 |   1 |   10.0 |
          Lair |   6387 |   6266 |    121 |    565 |   4579 |   5 | 1277.4 |
               +--------+--------+--------+--------+--------+-----+--------+

Top non-repeatable levels by time:
  Lair:3: 2025 daAuts
  Lair:2: 1625 daAuts
     D:9: 1209 daAuts
    D:11: 1100 daAuts
  Lair:4: 1087 daAuts
     D:6: 1076 daAuts
     D:7: 997 daAuts
     D:3: 965 daAuts
     D:1: 879 daAuts
    D:10: 844 daAuts
  Lair:1: 842 daAuts
     D:2: 837 daAuts
  Lair:5: 806 daAuts
     D:4: 775 daAuts
     D:8: 687 daAuts
